 Dungeon Crawl Stone Soup version 0.26-a0-264-g3a471323bd (webtiles) character file.

Game seed: 2813920542812239212

7 Gargoyl the Skirmisher (level 1, -5/19 HPs)
             Began as a Centaur Abyssal Knight on July 11, 2020.
             Was a Follower of Lugonu.
             Slain by a small abomination (20 damage)
             ... summoned by a glowing orange brain
             ... on level 1 of the Abyss.
             The game lasted 00:00:20 (130 turns).

Gargoyl the Skirmisher (Centaur Abyssal Knight)      Turns: 130, Time: 00:00:21

Health: -5/19      AC:  4    Str: 14    XL:     1   Next: 83%
Magic:  2/2        EV:  9    Int: 11    God:    Lugonu [*.....]
Gold:   0          SH:  0    Dex:  8    Spells: 0/0 levels left

rFire    . . .     SeeInvis .   a - +1 hand axe
rCold    . . .     Faith    .   (no shield)
rNeg     . . .     Spirit   .   b - +0 leather armour
rPois    .         Reflect  .   (no helmet)
rElec    .         Harm     .   (no cloak)
rCorr    .                      (no gloves)
MR       .....                  (no barding)
Stlth    ..........             (no amulet)
HPRegen  0.06/turn              (no ring)
MPRegen  0.08/turn              (no ring)

@: confused, very quick
A: large, hooves 3, deformed body, speed 2, tough skin 3
a: Depart the Abyss, Renounce Religion


You were on level 1 of the Abyss.
You worshipped Lugonu.
Lugonu was aware of your devotion.
You were not hungry.

You visited 0 branches of the dungeon, and saw 0 of its levels.
You visited the Abyss 1 time.

Inventory:

Hand Weapons
 a - a +1 hand axe (weapon)
Armour
 b - a +0 leather armour (worn)
Comestibles
 c - 2 rations


   Skills:
 + Level 3.3 Fighting
 + Level 1.8 Axes
 + Level 1.4 Armour
 + Level 0.6 Dodging
 + Level 2.0 Invocations


You couldn't memorise any spells.
You didn't know any spells.
Your spell library was empty.

Dungeon Overview and Level Annotations

Branches:
Dungeon (0/15)

Altars:


Innate Abilities, Weirdness & Mutations

You have hooves in place of feet.
Armour fits poorly on your strangely shaped body.
You cover ground very quickly.
You have extremely tough skin. (AC +3)


Message History

You hit the glowing orange brain. You kick the glowing orange brain.
The glowing orange brain is severely wounded.
You closely miss the small abomination. The small abomination hits you.
The glowing orange brain blinks!
Unknown command.
You are no longer terrified.
The small abomination hits you.
You hit the glowing orange brain.
The glowing orange brain is almost dead.
The glowing orange brain pulsates.
You are confused.
The small abomination hits you but does no damage.
Unknown command.
The glowing orange brain pulsates.
Something tries to feed on your intellect!
The small abomination barely misses you.
Unknown command.
You bump into the stone wall.
The small abomination hits you!!
Ouch! That really hurt!
You die...

# .# ##.....#.## ..#
###... #...#.#.#..# #
....# ####..#..# .###
.... ##....##.. .# .
### ...... ...#.#... #
#....#...##.#....####.
##.....##.###..# .
#..######x# #.# . #.#
#...G@# # #
#.#x#..##.# #
##....#.### .# #...##
.# #.#.## ... # #..#
.### . ##. #. #. #..
.# .# . .


You could see a glowing orange brain (scary) and a small abomination (summoned).

Vanquished Creatures
  A white imp (Abyss:1)
1 creature vanquished.

Notes
Turn   | Place    | Note
-------+----------+-------------------------------------------
     0 | Abyss:1  | Gargoyl the Centaur Abyssal Knight began the quest for the
                  | Orb.
     0 | Abyss:1  | Reached XP level 1. HP: 19/19 MP: 2/2
     0 | Abyss:1  | Found a corrupted altar of Lugonu.
    17 | Abyss:1  | Found an ornate altar of the Wu Jian Council.
    86 | Abyss:1  | Noticed a smoke demon
    97 | Abyss:1  | Noticed a glowing orange brain
   109 | Abyss:1  | Noticed a small abomination
   130 | Abyss:1  | Slain by a small abomination

Illustrated notes

Levels and vault maps discovered:
Abyss:1:  evilmike_abyss_exit_chaos

Action                   || total
-------------------------++-------
Melee: Hand axe          ||    16
       Kick              ||     7
Armor: Leather armour    ||     1
Dodge: Dodged            ||     3

Table legend:
 A = Non-vault XP
 B = Vault XP
 C = Vault XP percentage of total XP
 D = Non-vault monster count
 E = Vault monster count
 F = Vault count percentage of total count
                 A         B        C        D         E       F
            +---------+---------+-------+---------+---------+-------
      Total |      10 |       0 |   0.0 |       1 |       0 |   0.0
            +---------+---------+-------+---------+---------+-------
    Abyss:1 |      10 |       0 |   0.0 |       1 |       0 |   0.0
            +---------+---------+-------+---------+---------+-------
